 Dungeon Crawl Stone Soup version 0.28.0-43-g3370ac3207 (webtiles) character file.

Game seed: 14809593677245214208

31692 CryoSword the Fruitful (level 13, -22/151 HPs)
             Began as a Demonspawn Hunter on Mar 24, 2022.
             Was a Priest of Fedhas.
             Killed from afar by a frost giant (43 damage)
             ... with a bolt of cold
             ... in an ice cave.
             The game lasted 00:32:17 (18506 turns).

CryoSword the Fruitful (Demonspawn Hunter)         Turns: 18506, Time: 00:32:17

Health: -22/151    AC: 17    Str: 16    XL:     13   Next: 27%
Magic:  0/21       EV: 15    Int: 22    God:    Fedhas [***...]
Gold:   863        SH:  0    Dex: 19    Spells: 12/12 levels left

rFire   . . .      SeeInvis .   w - +4 quarterstaff (chaos)
rCold   . . .      Faith    .   (shield currently unavailable)
rNeg    + . .      Spirit   +   B - +4 chain mail of Dishonesty {Int+6}
rPois   .          Reflect  .   y - +1 hat {Stlth+}
rElec   .          Harm     .   j - +0 cloak
rCorr   .          Rampage  .   F - +0 pair of gloves {Stlth+}
Will    +....                   (no boots)
Stlth   ..........              G - amulet of guardian spirit
HPRegen 0.35/turn               O - +4 ring of evasion
MPRegen 0.17/turn               M - ring of Gaocuzi {Fly rN+ Will+ Int+3 Slay+3}

@: berserking, flying, very quick
A: antennae 2, thin skeletal structure 2, ignite blood 1, spiny 3
a: Renounce Religion, Wall of Briars, Grow Ballistomycete


You were in an ice cave.
You worshipped Fedhas.
Fedhas was most pleased with you.
You visited 3 branches of the dungeon, and saw 15 of its levels.
You also visited: Sewer and Ice Cave.

You collected 863 gold pieces.

Inventory:

Hand Weapons
 a - a +1 hand crossbow
 w - a +4 quarterstaff of chaos (weapon)
   (You took it off Crazy Yiuf on level 2 of the Dungeon)
 P - a +1 longbow of freezing
   (You found it in an ice cave)
 Q - a +2 great sword of freezing
   (You found it in an ice cave)
Missiles
 d - 123 bolts
 i - 2 silver boomerangs
 r - 13 boomerangs (quivered)
 A - 36 poisoned darts
Armour
 j - a +0 cloak (worn)
   (You took it off Crazy Yiuf on level 2 of the Dungeon)
 y - a +1 hat of stealth (worn)
   (You took it off Gastronok on level 2 of the Lair of Beasts)
 B - the +4 chain mail of Dishonesty (worn) {Int+6}
   (You took it off an orc on level 4 of the Dungeon)

   Int:       It affects your intelligence (+6).
 F - a +0 pair of gloves of stealth (worn)
   (You found it on level 6 of the Dungeon)
Jewellery
 s - a ring of see invisible
   (You found it on level 4 of the Dungeon)
 t - a ring of willpower
   (You found it on level 4 of the Dungeon)
 E - a ring of resist corrosion
   (You found it on level 1 of the Lair of Beasts)
 G - an amulet of guardian spirit (around neck)
   (You found it on level 8 of the Dungeon)
 M - the ring of Gaocuzi (right hand) {Fly rN+ Will+ Int+3 Slay+3}
   (You found it on level 11 of the Dungeon)

   [ring of flight]

   Int:       It affects your intelligence (+3).
   Slay:      It affects your accuracy & damage with ranged weapons and melee
   (+3).
   rN:        It protects you from negative energy.
   Fly:       It grants you flight.
   Will:      It increases your willpower.
 O - a +4 ring of evasion (left hand)
   (You found it on level 2 of the Lair of Beasts)
Wands
 x - a wand of digging (9)
   (You found it on level 4 of the Dungeon)
Scrolls
 f - 3 scrolls of noise {unknown}
 g - a scroll of fog
 h - a scroll of immolation {unknown}
 k - 7 scrolls of teleportation {@r4}
 m - 3 scrolls of amnesia
 u - 2 scrolls of torment {unknown}
 z - 2 scrolls of magic mapping
 D - a scroll of enchant weapon {unknown}
 J - a scroll of blinking {unknown}
 K - a scroll of enchant armour {unknown}
 L - 4 scrolls of identify {@r1}
 N - a scroll of brand weapon {unknown}
Potions
 b - 3 potions of ambrosia
 e - 3 potions of brilliance
 l - 3 potions of mutation {!q}
 n - a potion of degeneration {unknown}
 o - 2 potions of haste {@q3}
 p - 7 potions of curing {@q1}
 q - a potion of might {unknown}
 v - a potion of lignification {!q}
 C - 3 potions of flight
 H - a potion of cancellation {unknown}
 I - a potion of magic {unknown}


   Skills:
 + Level 9.3 Fighting
 * Level 9.5 Staves
 + Level 10.0 Crossbows
 + Level 5.7 Armour
 + Level 8.2 Dodging
 - Level 6.7 Stealth
 * Level 11.9 Invocations


You had 12 spell levels left.
You didn't know any spells.
Your spell library contained the following spells:

 Spells                   Type           Power      Damage    Failure   Level
 Beastly Appendage        Tmut           0%         N/A       94%         1
 Foxfire                  Conj/Fire      0%         2x1d4     94%         1
 Freeze                   Ice            0%         1d3       94%         1
 Magic Dart               Conj           0%         1d3       94%         1
 Corpse Rot               Necr/Air       0%         N/A       98%         2
 Searing Ray              Conj           0%         2d4       98%         2
 Wereblood                Tmut           0%         N/A       98%         2
 Conjure Flame            Conj/Fire      0%         6-21      100%        3
 Frozen Ramparts          Ice            0%         1d2       100%        3
 Inner Flame              Hex/Fire       0%         N/A       100%        3
 Spider Form              Tmut/Pois      0%         N/A       100%        3
 Tukima's Dance           Hex            0%         N/A       100%        3
 Cause Fear               Hex            0%         N/A       100%        4
 Dispel Undead            Necr           0%         3d6       100%        4
 Flame Wave               Conj/Fire      0%         2d4       100%        4
 Fulminant Prism          Conj/Hex       0%         3d6       100%        4
 Hailstorm                Conj/Ice       0%         3d3       100%        4
 Passage of Golubria      Tloc           0%         N/A       100%        4
 Fireball                 Conj/Fire      0%         3d3       100%        5
 Yara's Violent Unravell  Hex/Tmut       0%         3d3       100%        5
 Death Channel            Necr           0%         N/A       100%        6
 Starburst                Conj/Fire      0%         6d3       100%        6
 Dragon Form              Tmut           0%         N/A       100%        7
 Ignition                 Fire           0%         3d3       100%        8
 Dragon's Call            Summ           0%         N/A       100%        9


Dungeon Overview and Level Annotations

Branches:
Dungeon (11/15)            Temple (1/1) D:5            Lair (3/6) D:9
  Snake (0/4) Lair:3          Orc (0/2) D:11          Sewer (visited)
  IceCv (1/1)
  Swamp: Lair:2-4    Shoals: Lair:2-4

Altars:
Ashenzari
Cheibriados
Dithmenos
Elyvilon
Fedhas
Gozag
Hepliaklqana
Kikubaaqudgha
Makhleb
Nemelex Xobeh
Okawaru
Qazlal
Ru
Sif Muna
Trog
Uskayaw
Vehumet
Wu Jian
Xom
Yredelemnul
Zin
The Shining One
Beogh

Shops:
D:7 [

Annotations:
IceCv exclusion: ice statue


Innate Abilities, Weirdness & Mutations

You have a pair of antennae on your head.
You have a moderately thin skeletal structure. (Dex +4, Stealth++)
Your demonic aura sometimes causes spilled blood to erupt in flames.
You are completely covered in sharp spines.


Message History

2 wolves come into view.
A rime drake comes into view.
A death yak, a yak and a polar bear come into view.
A yak and a frost giant come into view.
The frost giant is wielding a +2 battleaxe of freezing.
The helpless wolf fails to defend itself.
You bludgeon the wolf!! You freeze the wolf!
You kill the wolf!
Fedhas appreciates your contribution to the ecosystem.
The polar bear growls angrily.
The rime drake hisses angrily.
The death yak bellows!
The yak bellows! x2; The wolf howls!
The frost giant shouts!
You hit the death yak. The death yak is struck by your spines.
The death yak gores you!
Okay, then.
The rock wall is torn apart as an oklob sapling grows in its place. x3
You can no longer transform dungeon walls and trees into plant allies.
The wolf bites you but does no damage. The wolf is struck by your spines.
The wolf bites you but does no damage.
The rime drake bites your oklob sapling.
The death yak gores you.
The rime drake bites your oklob sapling.
The wolf is struck by your spines. The wolf closely misses you.
Your oklob sapling spits acid at the death yak.
The splash of acid hits the death yak!
The acid corrodes the death yak!
You hit the death yak. You freeze the death yak.
The wolf is struck by your spines. The wolf bites you.
The rime drake bites your oklob sapling but does no damage.
You thump the death yak! You drain the death yak.
The wolf is struck by your spines.
You kill the wolf!
Fedhas appreciates your contribution to the ecosystem.
Your oklob sapling spits acid at the rime drake.
The splash of acid hits the frost giant!!
The death yak is engulfed in blazing flames.
The death yak gores your oklob sapling!
You barely miss the death yak. The polar bear bites you.
The polar bear claws you but does no damage.
The polar bear closely misses you.
Your oklob sapling spits acid at the death yak.
The splash of acid hits the death yak!!
The death yak seems to be corroded for longer.
The death yak gores your oklob sapling!!
You thump the death yak! You burn the death yak.
You kill the death yak!
Fedhas appreciates your contribution to the ecosystem.
The frost giant hits your oklob sapling with a +2 battleaxe of freezing!!
The frost giant freezes your oklob sapling!
Your oklob sapling spits acid at the frost giant.
Fedhas protects a plant from harm.
The splash of acid hits the frost giant!!
The acid corrodes the frost giant!
The polar bear is struck by your spines.
The polar bear bites you. The polar bear barely misses you.
The polar bear claws you but does no damage.
You sock the polar bear!
The yak snorts and paws the ground.
The yak gores you but does no damage.
The frost giant hits your oklob sapling with a +2 battleaxe of freezing!
The frost giant freezes your oklob sapling!
The polar bear is struck by your spines.
The polar bear misses you.
The polar bear claws you but does no damage. x2
The yak is struck by your spines. The yak gores you but does no damage.
You sock the polar bear!
The polar bear flickers and vanishes!
Deactivating autopickup; reactivate with Ctrl-A.
The yak gores you but does no damage. The frost giant casts a spell at you.
The bolt of cold hits your oklob sapling!!!
Your oklob sapling is destroyed!
Your oklob sapling disappears in a puff of smoke!
The bolt of cold hits the yak!!!
The yak dies!
The bolt of cold hits you!!
* * * LOW HITPOINT WARNING * * *
You hear a sizzling sound!
Your oklob sapling spits acid at the frost giant.
The splash of acid hits the frost giant!!
You thump something!
Fedhas appreciates your contribution to the ecosystem.
Reactivating autopickup.
You feel a bit more experienced. The rime drake breathes ice at you.
The flash freeze hits you!!
* * * LOW HITPOINT WARNING * * *
You are encased in ice.
The yak completely misses you.
Your Crossbows skill increases to level 10!
The frost giant points at your oklob sapling and mumbles some strange words.
The bolt of cold hits your oklob sapling!!
You closely miss the yak.
The rime drake is engulfed in blazing flames.
The rime drake bites your oklob sapling but does no damage.
The yak completely misses you.
The frost giant hits your oklob sapling with a +2 battleaxe of freezing!!
The frost giant freezes your oklob sapling.
The frost giant hits your oklob sapling with a +2 battleaxe of freezing!
The frost giant freezes your oklob sapling.
Your oklob sapling spits acid at the frost giant.
The splash of acid hits the frost giant!!
You hit the yak.
Space warps horribly around the yak!
The ice encasing you melts away. The yak is struck by your spines.
The yak completely misses you.
You sock the yak! You burn the yak.
The frost giant is no longer covered in acid.
The frost giant hits your oklob sapling but does no damage.
The frost giant hits your oklob sapling with a +2 battleaxe of freezing!
The frost giant freezes your oklob sapling.
The rime drake bites you.
* * * LOW HITPOINT WARNING * * *
You hit the yak. Lightning courses through the yak!
The yak is engulfed in blazing flames.
You kill the yak!
Fedhas appreciates your contribution to the ecosystem.
The rime drake closely misses you.
The frost giant casts a spell at your oklob sapling.
The bolt of cold hits your oklob sapling!!
You thump the rime drake! You burn the rime drake.
The rime drake breathes ice at you. The flash freeze hits you!
* * * LOW HITPOINT WARNING * * *
You are encased in ice.
The frost giant hits your oklob sapling with a +2 battleaxe of freezing!!!
The frost giant freezes your oklob sapling.
Your oklob sapling is destroyed!
Your oklob sapling disappears in a puff of smoke!
The frost giant hits your oklob sapling with a +2 battleaxe of freezing.
The frost giant freezes your oklob sapling.
You barely miss the rime drake.
The rime drake bites you but does no damage.
The frost giant hits your oklob sapling with a +2 battleaxe of freezing!!
The frost giant freezes your oklob sapling.
Your oklob sapling is destroyed!
Your oklob sapling disappears in a puff of smoke!
You sock the rime drake! You burn the rime drake.
You kill the rime drake!
Fedhas appreciates your contribution to the ecosystem.
A red film seems to cover your vision as you go berserk!
You feel yourself moving faster!
You feel mighty! The ice encasing you melts away.
The frost giant hits you with a +2 battleaxe of freezing.
* * * LOW HITPOINT WARNING * * *
The frost giant freezes you.
* * * LOW HITPOINT WARNING * * *
You hit the frost giant. You burn the frost giant. You thump the frost giant!
The frost giant gestures at you while chanting.
The bolt of cold hits you!!!
You die...
Fedhas appreciates your contribution to the ecosystem.

#.....#.≈≈≈≈###.#.#
# #......##≈≈##
##..## ##
#..###..#####
##..###. ##.....#
##.##.. #......#
#..#.# # ##......#
#.#..# #. #[......#
##.### #..#[...#..#
### #..##...#@.#
#...##..C.°#
#....##.††.#
#..........#
#.........##
#.........##
#.........#
..##.....## .
#....##


You could see a frost giant.

Vanquished Creatures
  Gastronok (Lair:2)
  5 hydras
  5 death yaks (IceCv)
  A two-headed ogre (D:10)
  Pikel (D:4)
  3 centaur zombies (D:11)
  A manticore (D:9)
  4 black mambas
  5 rime drakes
  4 cane toads
  2 komodo dragons
  6 polar bears
  A troll (D:11)
  A hornet (D:7)
  A blink frog (Lair:3)
  2 shadows (D:11)
  A wraith (D:11)
  52 yaks
  A wyvern (D:8)
  2 basilisks (Lair:1)
  2 two-headed ogre zombies (D:11)
  The ghost of Kaptain the Digger, an amateur GrEE (D:4)
  3 acid dragons
  11 water moccasins
  An ice beast (D:6)
  A sky beast (D:5)
  3 necrophages
  9 wolves
  3 centaurs
  4 ogres
  6 kobold brigands
  4 lemures (D:4)
  3 phantoms
  13 bullfrogs
  2 gnoll sergeants
  Blork the orc (D:5)
  2 scorpions (D:5)
  2 jellies
  A water moccasin skeleton (D:5)
  4 killer bees (D:10)
  3 wights (D:9)
  A howler monkey (D:8)
  3 hounds
  7 orc priests
  A centaur skeleton (D:4)
  Crazy Yiuf (D:2)
  A bullfrog skeleton (D:6)
  A gnoll shaman (D:9)
  3 iguanas
  Natasha (thrice) (D:2)
  8 orc wizards
  6 ogre zombies (D:11)
  A hound skeleton (D:4)
  Robin (D:2)
  20 gnolls
  6 adders
  A shadow imp (D:4)
  A white imp (D:7)
  2 ufetubi (D:4)
  2 worms
  3 dart slugs
  33 orcs
  11 ball pythons
  2 bats
  7 endoplasms
  5 giant cockroaches
  16 goblins
  10 hobgoblins
  5 jackals
  27 kobolds
  7 quokkas
  4 frilled lizards
  2 goblin skeletons (D:11)
  A goblin zombie (D:11)
  4 hobgoblin skeletons (D:11)
  A hobgoblin zombie (D:11)
  6 orc skeletons (D:11)
  11 orc zombies (D:11)
  7 rats
409 creatures vanquished.

Vanquished Creatures (collateral kills)
  A hydra (Lair:1)
  2 yaks (IceCv)
  A wolf (IceCv)
  6 ballistomycete spores
10 creatures vanquished.

Vanquished Creatures (others)
  A yak (IceCv)
  4 fungi
  15 plants
20 creatures vanquished.

Grand Total: 439 creatures vanquished

Notes
Turn   | Place    | Note
-------+----------+-------------------------------------------
     0 | D:1      | CryoSword the Demonspawn Hunter began the quest for the
                  | Orb.
     0 | D:1      | Reached XP level 1. HP: 16/16 MP: 1/1
    30 | D:1      | Reached skill level 1 in Stealth
   128 | D:1      | Gained mutation: You are partially covered in sharp spines.
                  | [demonic ancestry]
   128 | D:1      | Reached XP level 2. HP: 22/22 MP: 2/2
   174 | D:1      | Found a faded altar of an unknown god.
   401 | D:2      | Noticed Robin
   439 | D:2      | Reached XP level 3. HP: 26/28 MP: 3/3
   450 | D:2      | HP: 1/28 [frozen (1)]
   826 | D:2      | Killed Robin
  1123 | D:2      | Gained mutation: You are mostly covered in sharp spines.
                  | [demonic ancestry]
  1123 | D:2      | Reached XP level 4. HP: 32/34 MP: 4/4
  1338 | D:2      | Found a runed translucent door.
  1339 | D:2      | Noticed Crazy Yiuf
  1408 | D:2      | Killed Crazy Yiuf
  1492 | D:2      | Noticed Natasha
  1495 | D:2      | Killed Natasha
  1812 | D:2      | Noticed Natasha
  1817 | D:2      | Killed Natasha
  1818 | D:2      | Gained mutation: You have a somewhat thin skeletal
                  | structure. (Dex +2, Stealth+) [demonic ancestry]
  1818 | D:2      | Reached XP level 5. HP: 41/41 MP: 5/5
  2045 | D:2      | Noticed Natasha
  2049 | D:2      | Killed Natasha
  2050 | D:2      | Reached skill level 5 in Crossbows
  2470 | D:3      | Gained mutation: You are completely covered in sharp
                  | spines. [demonic ancestry]
  2470 | D:3      | Reached XP level 6. HP: 31/47 MP: 6/6
  3319 | D:4      | Gained mutation: You have a moderately thin skeletal
                  | structure. (Dex +4, Stealth++) [demonic ancestry]
  3319 | D:4      | Reached XP level 7. HP: 49/54 MP: 7/7
  3856 | D:4      | Found a runed translucent gate.
  3856 | D:4      | Found a runed translucent gate.
  3856 | D:4      | Found a runed translucent gate.
  3859 | D:4      | Identified the +4 chain mail of Dishonesty {Int+6}
  3860 | D:4      | Noticed Kaptain's ghost (amateur GrEE)
  4085 | D:4      | Killed Kaptain's ghost
  5114 | D:5      | Entered Level 5 of the Dungeon
  5147 | D:5      | Reached skill level 1 in Staves
  5161 | D:5      | Reached XP level 8. HP: 61/61 MP: 8/8
  5230 | D:4      | Noticed Pikel
  5975 | D:4      | Killed Pikel
  5976 | D:4      | Reached skill level 5 in Fighting
  6561 | D:5      | Reached skill level 5 in Stealth
  6689 | D:5      | Found a staircase to the Ecumenical Temple.
  6697 | Temple   | Entered the Ecumenical Temple
  7299 | D:5      | Gained mutation: You have a pair of small antennae on your
                  | head. [demonic ancestry]
  7299 | D:5      | Reached XP level 9. HP: 66/69 MP: 9/9
  7610 | D:5      | Found a bloodstained altar of Trog.
  7615 | D:5      | Noticed Blork the orc
  7626 | D:5      | Killed Blork the orc
  7973 | D:6      | Found an ornate altar of the Wu Jian Council.
  8127 | D:6      | Found a glowing drain.
  8141 | Sewer    | Entered a sewer
  9082 | D:7      | Reached skill level 5 in Dodging
  9093 | D:7      | Paralysed by a hornet for 2 turns
  9098 | D:7      | Paralysed by a hornet for 1 turns
  9688 | D:7      | Found Enki's Dragon-Slaying Spoils.
 10194 | D:8      | Found a blossoming altar of Fedhas.
 10212 | D:8      | Became a worshipper of Fedhas Madash
 10232 | D:8      | Reached skill level 1 in Invocations
 10452 | D:8      | Gained mutation: Your demonic aura sometimes causes spilled
                  | blood to erupt in flames. [demonic ancestry]
 10452 | D:8      | Reached XP level 10. HP: 77/77 MP: 9/11
 10519 | D:8      | Reached skill level 2 in Invocations
 10520 | D:8      | Reached skill level 1 in Armour
 10534 | D:8      | Reached skill level 3 in Invocations
 10542 | D:8      | Reached skill level 5 in Staves
 10787 | D:8      | Reached skill level 4 in Invocations
 11031 | D:8      | Reached * piety under Fedhas
 11298 | D:9      | Found a staircase to the Lair.
 11731 | D:9      | Reached skill level 5 in Invocations
 11927 | D:9      | Noticed a manticore
 11933 | D:9      | Killed a manticore
 12073 | D:10     | Entered Level 10 of the Dungeon
 12157 | D:10     | Reached ** piety under Fedhas
 12385 | D:10     | Noticed a two-headed ogre
 12421 | D:10     | Killed a two-headed ogre
 12422 | D:10     | Reached skill level 6 in Invocations
 12422 | D:10     | Gained mutation: You have a pair of antennae on your head.
                  | [demonic ancestry]
 12422 | D:10     | Reached XP level 11. HP: 63/84 MP: 15/15
 13263 | D:11     | Found a staircase to the Orcish Mines.
 13276 | D:11     | Reached *** piety under Fedhas
 13361 | D:11     | Reached skill level 7 in Invocations
 13928 | D:11     | Identified the ring of Gaocuzi {Fly rN+ Will+ Int+3 Slay+3}
 13971 | D:11     | Reached **** piety under Fedhas
 14216 | D:11     | Noticed a six-headed hydra
 14219 | D:11     | Killed a six-headed hydra
 14220 | D:11     | Reached skill level 8 in Invocations
 14483 | Lair:1   | Entered Level 1 of the Lair of Beasts
 14493 | Lair:1   | Noticed a four-headed hydra
 14493 | Lair:1   | Noticed an eight-headed hydra
 14987 | Lair:1   | Killed a four-headed hydra
 15049 | Lair:1   | Noticed a five-headed hydra
 15061 | Lair:1   | Killed a five-headed hydra
 15062 | Lair:1   | Reached skill level 9 in Invocations
 15062 | Lair:1   | Reached XP level 12. HP: 64/93 MP: 12/18
 15072 | Lair:1   | Killed an eight-headed hydra
 15222 | Lair:1   | Noticed an eight-headed hydra
 15237 | Lair:1   | Killed an eight-headed hydra
 16232 | Lair:2   | Reached skill level 10 in Invocations
 16498 | Lair:2   | Noticed Gastronok
 16523 | Lair:2   | Killed Gastronok
 16706 | Lair:2   | Reached skill level 5 in Armour
 17186 | Lair:3   | Found a staircase to the Snake Pit.
 17198 | Lair:3   | Noticed a seven-headed hydra
 17205 | Lair:3   | Killed a seven-headed hydra
 17206 | Lair:3   | Reached skill level 11 in Invocations
 17326 | Lair:3   | Found a frozen archway.
 17343 | IceCv    | Entered an ice cave
 17567 | IceCv    | Noticed a death yak
 17584 | IceCv    | Reached XP level 13. HP: 62/101 MP: 13/21
 18481 | IceCv    | Noticed a frost giant
 18496 | IceCv    | Reached skill level 10 in Crossbows
 18506 | IceCv    | Killed from afar by a frost giant

Illustrated notes

Levels and vault maps discovered:
D:1:      onia_arrival_pyramid, layout_rooms, nicolae_ecumenical_snake_handling
D:2:      layout_rooms, uniq_crazy_yiuf_cottage, uniq_robin, uniq_natasha
D:3:      layout_basic, kennysheep_potato
D:4:      layout_cave_pools, biasface_ghost_orc_armoury,
          serial_co_window_serial, co_window_paths_a, co_window_paths_a,
          co_window_paths_b, co_window_paths_b, co_window_corner_a,
          co_window_corner_a, co_window_paths_a, co_window_paths_c,
          co_window_paths_c, co_window_cross_3, co_window_paths_c,
          co_window_cross_4, glass_columns_b, glass_columns_b,
          grunt_decor_junction, minmay_misc_feat_x, st_stairs_13, uniq_pikel
D:5:      layout_basic, general_overflow_altar, minmay_temple_entry_tees,
          uniq_blork_the_orc
D:6:      layout_loops_ring, mainiacjoe_overflow_24_doors, portal_sewer_entry_f
D:7:      layout_cave_pods, nicolae_shop_dragon_depot
D:8:      layout_rooms, fedhas_altar_2, amcnicky_mini_pool_medium
D:9:      layout_irregular_city, lair_entry_dummy
D:10:     layout_basic
D:11:     layout_loops_ring, zombieorc2_lemuel
Temple:   mainiacjoe_temple_bowtie_tessellation
Lair:1:   layout_hall_layers, grunt_megastairs_3
Lair:2:   layout_roguey, nicolae_quartered_pool_impasse,
          chequers_serial_rivers_marsh, st_stairs_7, uniq_gastronok
Lair:3:   layout_regular_city, minmay_snake_entry_six_corridors,
          gammafunk_ghost_cemetery, portal_ice_cave_rime, serial_bayou_shore_a,
          uniq_urug
IceCv:    ice_cave_small_giant

Skill      XL: |  1  2  3  4  5  6  7  8  9 10 11 12 13 |
---------------+----------------------------------------+-----
Stealth        | 1 2 3 4 5 6 |  6.7
Crossbows      | 4 5 6 7 8 9 10 | 10.0
Fighting       | 3 4 5 6 7 8 9 |  9.3
Dodging        | 2 4 5 6 7 8 |  8.2
Staves         | 1 3 4 6 7 9 |  9.5
Invocations    | 1 6 9 11 | 11.9
Armour         | 2 4 5 |  5.7

Action                   |  1- 3 |  4- 6 |  7- 9 | 10-12 | 13-15 || total
-------------------------+-------+-------+-------+-------+-------++-------
Melee: Short sword       |    19 |     8 |       |       |       ||    27
       Quarterstaff      |       |    75 |   178 |   439 |    57 ||   749
 Fire: Hand crossbow     |    45 |    18 |     8 |    10 |     3 ||    84
Throw: Boomerang         |       |       |     1 |       |       ||     1
Invok: Wall of Briars    |       |       |       |     3 |     1 ||     4
       Grow Ballistomyce |       |       |       |     1 |     1 ||     2
       Overgrow          |       |       |       |     2 |     1 ||     3
  Use: Scroll            |     3 |       |     3 |     7 |       ||    13
       Potion            |     1 |       |     1 |     1 |     2 ||     5
 Stab: Sleeping          |       |    13 |    19 |    12 |     1 ||    45
       Paralysed         |       |       |       |     6 |       ||     6
       Distracted        |       |       |       |     1 |       ||     1
       Confused          |       |       |       |     1 |       ||     1
Armor: Leather armour    |     9 |    14 |    27 |       |       ||    50
       Chain mail        |       |       |    35 |   271 |    22 ||   328
Dodge: Dodged            |    20 |    41 |    88 |   233 |    28 ||   410
